Unix NetHack Version 5.0.0-0 post-release - last build May 23 2026 06:08:33 (1c0ff79ee797540d5714e4e18072db0edd9e58ae,branch:main).

Game began 2026-05-29 19:03:44, ended 2026-05-29 19:20:27.

Atomicjoy, chaotic male elven Wizard

              ----- ----
               .... -..-
                ... ...
                  .....
                   ....
                    ...-
                     ..|
                 --- -.--        --
                  ..--..---      .
                  |.|.....--    .|
                  |......f.|   -.|
                  --....--.|   ..
                  --..---|G----.-
                  |.<--  |.@.|..
                  |.--   ---G|.-
                 ...|      |...-
               ...---      ---..|
             |...             ..|
             --..             ---
              ---
Atomicjoy the Evoker      St:8 Dx:13 Co:12 In:20 Wi:15 Ch:9  Chaotic
Dlvl:5  $:1077 HP:0(19) Pw:18(18) AC:9  Xp:2/31 T:1250 

Latest messages:
 The housecat bites the gnome.
 You see here a gray stone.
 You see here 19 rocks.
 You swap places with your housecat.
 You see here 18 rocks.
 You see here a gray stone.
 There are several objects here.
 You see here 2 darts.
 There are many objects here.
 Your housecat steps reluctantly onto a pair of hard shoes.
 The housecat drops a rock.
 The housecat drops a rock.
 The housecat picks up a rock.
 The housecat drops a rock.
 You see here a rock.
 You descend the stairs.
 You stop.  Your housecat is in the way!
 The housecat misses the dwarf.
 The housecat bites the dwarf.
 The dwarf wields a broad short sword!
 You swap places with your housecat.
 The housecat misses the dwarf.
 The dwarf thrusts her broad short sword.
 The dwarf hits!
 The housecat bites the gnome.
 The gnome is killed!
 The housecat misses the dwarf.
 The housecat misses the dwarf.
 It misses the dwarf.
 You hear some noises in the distance.
 The dwarf throws a stout spear!
 The stout spear hits the gnome lord.
 The hobgoblin hits!
 The housecat misses the dwarf.
 It misses the dwarf.
 The housecat misses it.
 The gnome lord shoots 2 arrows!
 The 1st arrow hits the hobgoblin!
 The hobgoblin is killed!
 The 2nd arrow misses you.
 The housecat misses the dwarf.
 You hear some noises.
 The gnome lord hits!
 Are you waiting to get hit?  Use 'm' prefix to force a no-op (to rest).
 You see here an arrow.
 The housecat misses it.
 The gnome lord swings his bow.
 The gnome lord hits!
 You die...
 Do you want your possessions identified? [ynq] (y) q

Inventory:
 Coins    ('$')
  $ - 1077 gold pieces
 Weapons  (')')
  G - a +0 crossbow bolt
  a - a blessed +1 quarterstaff (weapon in hands)
 Armor    ('[')
  b - an uncursed +0 cloak of magic resistance (being worn)
  K - a cursed -1 dwarvish cloak
  J - a cursed -2 leather jacket
 Comestibles  ('%')
  s - an uncursed carrot
  D - 2 uncursed food rations
  q - a cursed fortune cookie
 Scrolls  ('?')
  j - an uncursed scroll of food detection
  k - an uncursed scroll of stinking cloud
  C - a blessed scroll of teleportation
  i - an uncursed scroll of teleportation
 Potions  ('!')
  f - an uncursed potion of gain level
  g - a blessed potion of healing
  E - 2 uncursed potions of healing
  h - an uncursed potion of speed
 Rings    ('=')
  e - an uncursed ring of searching
  d - an uncursed ring of teleportation
 Wands    ('/')
  c - a wand of make invisible (0:8)
  p - a wand of polymorph (0:6)
  y - a wand of striking (0:4)
 Tools    ('(')
  o - an uncursed bugle
  n - a magic marker (0:21)
 Gems/Stones  ('*')
  I - an uncursed jet stone
  H - an uncursed worthless piece of black glass
  r - a cursed worthless piece of blue glass
  t - an uncursed worthless piece of white glass

Atomicjoy the Wizard's attributes:

Background:
 You were an Evoker, a level 2 male elven Wizard.
 You were chaotic, on a mission for Anhur
 who was opposed by Ptah (lawful) and Thoth (neutral).
 You were right-handed.
 You were in the Gnomish Mines, on level 5.
 You entered the dungeon 1250 turns ago.
 You had 31 experience points, 9 more were needed to attain level 3.

Basics:
 You had 0 out of 19 hit points.
 You had all 18 energy points (spell power).
 Your armor class was 9.
 Your wallet contained 1077 zorkmids.
 Autopickup was off.

Final Characteristics:
 Your strength was 8 (limit:18).
 Your dexterity was 13 (limit:18).
 Your constitution was 12 (limit:16).
 Your intelligence was 20 (limit:20).
 Your wisdom was 15 (limit:20).
 Your charisma was 9 (limit:18).

Final Status:
 You weren't hungry.
 You were unencumbered.
 You were wielding a quarterstaff.
 You had basic skill with quarterstaff.

Final Attributes:
 You were devoutly aligned.
 You were magic-protected.
 You had infravision.
 You were warded.
 You are dead.

Miscellaneous:
 You didn't encounter any bones levels.
 Total elapsed playing time was 16 minutes and 42 seconds.

Major events:
 Turn
    1: Atomicjoy the chaotic male elven Wizard entered the dungeon
  968: entered the Gnomish Mines
 1250: killed by a gnome lord

Spells:
 Name                 Level Category     Fail Retention
 force bolt             1   attack         0%  91%-100%
 create monster         2   clerical      37%  76%-100%

Skills:
 Fighting Skills
   bare handed combat [Unskilled]
   riding             [Unskilled]
 Weapon Skills
   dagger             [Unskilled]
   knife              [Unskilled]
   axe                [Unskilled]
   short sword        [Unskilled]
   club               [Unskilled]
   mace               [Unskilled]
   quarterstaff       [Basic]
   polearms           [Unskilled]
   spear              [Unskilled]
   trident            [Unskilled]
   sling              [Unskilled]
   dart               [Unskilled]
   shuriken           [Unskilled]
 Spellcasting Skills
   attack spells      [Basic]
   healing spells     [Unskilled]
   divination spells  [Unskilled]
   enchantment spells [Basic]
   clerical spells    [Unskilled]
   escape spells      [Unskilled]
   matter spells      [Unskilled]

Voluntary challenges:
 Character rerolling was not enabled.
 You never genocided any monsters.
 You never polymorphed an object.
 You never changed form.
 You used no wishes.
Achievements:
 You entered a shop.
 You entered the Gnomish Mines.

 The Dungeons of Doom: levels 1 to 3
    Level 1:
       A sink.
    Level 2:
       A general store.
    Level 3:
       Stairs down to The Gnomish Mines.
 The Gnomish Mines: levels 4 to 5
    Level 4:
    Level 5: <- You were here.
       Final resting place for
          you, killed by a gnome lord.


Vanquished creatures:
  a gnome leader
  2 dwarves
 an iguana
  a hobbit
  a hobgoblin
 11 gnomes
  2 jackals
  a fox
  2 goblins
  6 grid bugs
  2 lichens
  a kobold zombie
  2 newts
33 creatures vanquished.

No species were genocided or became extinct.

Game over:
                       ----------
                      /          \
                     /    REST    \
                    /      IN      \
                   /     PEACE      \
                  /                  \
                  |    Atomicjoy     |
                  |     1077 Au      |
                  |   killed by a    |
                  |    gnome lord    |
                  |                  |
                  |                  |
                  |       2026       |
                 *|     *  *  *      | *
        _________)/\\_//(\/(/\)/\//\/|_)_______

Goodbye Atomicjoy the Wizard...

You died in The Gnomish Mines on dungeon level 5 with 1294 points,
and 1077 pieces of gold, after 1250 moves.
You were level 2 with a maximum of 19 hit points when you died.

